 Dungeon Crawl Stone Soup version 0.20-a0-809-gaf7f668 (webtiles) character file.

138 Firecrotchwizard the Poker (level 5, -1/42 HPs)
             Began as a Merfolk Chaos Knight on Mar 3, 2017.
             Slain by Zazen's ghost (2 damage)
             ... on level 3 of the Dungeon.
             The game lasted 00:05:37 (1516 turns).

Firecrotchwizard the Poker (Merfolk Chaos Knight)   Turns: 1516, Time: 00:05:37

Health: -1/42      AC:  7    Str: 12    XL:     5   Next: 21%
Magic:  5/5        EV: 12    Int: 12    God:    Xom [..*...]
Gold:   48         SH:  0    Dex: 14    Spells: 4/4 levels left

rFire    . . .     SeeInvis .   a - +0 spear (chaos)
rCold    . . .     Gourm    .   u - +0 ring mail (curse)
rNeg     . . .     Faith    .   (no shield)
rPois    .         Spirit   .   (no helmet)
rElec    .         Reflect  .   n - +0 cloak
rCorr    .         Harm     .   k - +0 pair of gloves
MR       .....                  (no boots)
Stlth    +.........             (no amulet)
Regen    0.2/turn               (no ring)
MPRegen  0.1/turn               (no ring)

@: no status effects
A: change form in water, swift swim, stealthy swim
a: Renounce Religion


You were on level 3 of the Dungeon.
You worshipped Xom.
You were a toy of Xom.
You were not hungry.

You visited 1 branch of the dungeon, and saw 3 of its levels.

You collected 48 gold pieces.

Inventory:

Hand Weapons
 a - a +0 spear of chaos (weapon)
Armour
 b - a +2 leather armour
 k - a +0 pair of gloves (worn)
 n - a +0 cloak (worn)
 u - a cursed +0 ring mail (worn)
Wands
 q - a wand of acid (10/15)
Scrolls
 d - a scroll of recharging {unknown}
 e - a scroll of blinking {unknown}
 f - a scroll of fog {unknown}
 i - a scroll of immolation {unknown}
 j - 2 scrolls of identify {unknown}
 o - a scroll of teleportation {unknown}
Potions
 g - 3 potions of might {unknown}
 h - 3 potions of brilliance {unknown}
 m - a potion of curing {unknown}
 s - a potion of flight {unknown}
 t - a potion of berserk rage {unknown}
Comestibles
 c - 5 bread rations
 l - 3 royal jellies
 p - 2 meat rations
 r - 3 chunks of flesh


   Skills:
 + Level 4.2 Fighting
 * Level 6.7 Polearms
 - Level 0.6 Armour
 + Level 4.0 Dodging


You had 4 spell levels left.
You didn't know any spells.

Dungeon Overview and Level Annotations

Branches:
Dungeon (3/15)

Altars:
Trog

Annotations:
D:3 Zazen's ghost, amateur DrCj


Message History

You hit something but do no damage. Something completely misses you.
You barely miss something.
You hear some strange, mumbled words.
A magic dart appears from out of thin air!
The magic dart hits you!
* * * LOW HITPOINT WARNING * * *
You hit something.
You hear some strange, mumbled words.
A magic dart appears from out of thin air!
The magic dart hits you!
* * * LOW HITPOINT WARNING * * *
You miss something. You miss something.
You hear some strange, mumbled words.
A magic dart appears from out of thin air!
The magic dart hits you!
* * * LOW HITPOINT WARNING * * *
You miss something. Something hits you.
You die... "What!?
That's it?"

### #..
#.# #.#
#@#
#######{##
...W...!.#
####.##..#
.. #..# ##
#..# #..#
#..# #..#


There were no monsters in sight!

Vanquished Creatures
  Ijyb (D:3)
  4 adders
  An ooze (D:2)
  3 worms (D:2)
  A dart slug (D:1)
  4 leopard geckos
  An orc (D:3)
  7 bats
  4 giant cockroaches
  9 goblins
  3 hobgoblins (D:2)
  6 kobolds
  A quokka (D:2)
  5 frilled lizards
  5 rats
55 creatures vanquished.

Vanquished Creatures (others)
  A worm (D:2)
  A dart slug (D:1)
2 creatures vanquished.

Grand Total: 57 creatures vanquished

Notes
Turn   | Place    | Note
-------+----------+-------------------------------------------
     0 | D:1      | Firecrotchwizard the Merfolk Chaos Knight began the quest for the Orb.
     0 | D:1      | Reached XP level 1. HP: 18/18 MP: 1/1
    54 | D:1      | XOM: smoke on damage
   133 | D:1      | Reached XP level 2. HP: 24/24 MP: 2/2
   185 | D:1      | XOM: divination: magic mapping
   237 | D:1      | Reached skill level 5 in Polearms
   265 | D:1      | Reached XP level 3. HP: 30/30 MP: 3/3
   503 | D:1      | XOM: harmless Chrm miscast
   974 | D:2      | Reached XP level 4. HP: 37/37 MP: 4/4
   986 | D:2      | Reached skill level 6 in Polearms
  1226 | D:2      | Found a bloodstained altar of Trog.
  1331 | D:2      | XOM: divination: detect items
  1337 | D:2      | XOM: divination: detect creatures
  1413 | D:3      | Noticed Ijyb
  1419 | D:3      | Killed Ijyb
  1419 | D:3      | Reached XP level 5. HP: 42/42 MP: 5/5
  1470 | D:3      | Noticed Zazen's ghost (amateur DrCj)
  1504 | D:3      | XOM: harmless Tmut miscast
  1515 | D:3      | HP: 1/42 [something/magic dart (4)]
  1516 | D:3      | Slain by Zazen's ghost

Vault maps used:
D:1:      evilmike_arrival_hilbert_curve, feat_on_display
D:2:      minmay_misc_feat_encased, trog_hazing_becter
D:3:      first_bread, uniq_iyjb

Skill      XL: |  1  2  3  4  5 |
---------------+----------------+-----
Dodging        | 3 4 |  4.0
Polearms       | 5 6 |  6.7
Fighting       | 4 |  4.2
Armour         | |  0.6

Action                   |  1- 3 |  4- 6 || total
-------------------------+-------+-------++-------
Melee: Spear             |   126 |   122 ||   248
 Stab: Paralysed         |     1 |     4 ||     5
       Sleeping          |     2 |       ||     2
  Eat: Chunk             |       |     2 ||     2
Armor: Leather armour    |    25 |    21 ||    46
       Ring mail         |       |    10 ||    10
Dodge: Dodged            |    57 |    31 ||    88
